Map: Disco Bloodbath LE

Players

CarlosZ

  • Race: Zerg Zerg
  • League: Platinum
  • Spawn Location: 3:00

pHARM - Winner!

  • Race: Zerg Zerg
  • League: Platinum
  • Spawn Location: 9:00

VOD

Have the link to the VOD?

Description

Time

  • Played on: Aug. 25, 2019, 4:43 p.m.
  • Length: 13:05
Show
View Real Time Build Order
Export as new Build Order

CarlosZ Zerg 

Build Orders: Hatch First, Lurkers 

Get SALT Encoding   

  12  0:01  Drone  
  13  0:09  Drone  
  14  0:18  Drone, Extractor  
  14  0:25  Overlord  
  14  0:34  Extractor  
  14  0:35  Drone  
  15  0:44  Drone  
  15  0:48  Drone  
  17  0:57  Drone  
  18  1:09  Drone  
  19  1:16  Hatchery  
  18  1:28  Drone, Spawning Pool  
  18  1:35  Overlord  
  18  1:38  Drone  
  19  1:55  Drone  
  20  2:16  Roach Warren  
  20  2:17  Queen  
  20  2:18  Zergling x4  
  23  2:28  Queen  
  23  2:29  Drone  
  26  2:34  Drone x2  
  28  2:40  Overlord  
  29  2:51  Drone  
  29  2:58  Roach x2  
  33  3:04  Drone  
  34  3:10  Roach  
  36  3:13  Metabolic Boost  
  36  3:16  Drone x2  
  38  3:23  Zergling x2  
  38  3:26  Roach  
  41  3:39  Drone  
  41  3:40  Drone  
  44  3:41  Zergling x2  
  44  3:44  Overlord  
  44  3:46  Overlord  
  44  3:47  Pneumatized Carapace  
  44  4:05  Drone x2  
  44  4:06  Drone x2  
  45  4:29  Roach x2  
  45  4:30  Roach x2  
  49  4:32  Zergling x2  
  49  4:33  Zergling x4  
  48  4:47  Lair  
  48  4:52  Extractor  
  47  4:54  Drone x2  
  47  4:57  Drone  
  50  5:06  Drone  
  51  5:07  Overlord  
  51  5:11  Zergling x2  
  51  5:12  Roach x2  
  55  5:15  Overlord  
  55  5:16  Extractor  
  55  5:18  Drone x2  
  56  5:25  Drone  
  57  5:28  Overlord x2  
  57  5:42  Drone  
  58  5:52  Drone x4  
  58  5:56  Drone  
  63  5:59  Hydralisk Den, Roach x3  
  63  6:04  Overseer  
  68  6:12  Evolution Chamber, Drone  
  68  6:14  Evolution Chamber, Zergling x2, Roach x2  
  68  6:15  Zergling x2  
  73  6:18  Burrow  
  73  6:20  Extractor  
  73  6:22  Drone x3  
  75  6:55  Hydralisk x5  
  75  6:56  Hydralisk  
  75  6:57  Hydralisk  
  75  6:58  Zergling x6  
  75  6:59  Overlord  
  75  7:00  Overlord  
  92  7:27  Hatchery  
  91  7:39  Overlord x2  
  91  7:43  Muscular Augments  
  91  7:52  Hydralisk x3  
  91  7:53  Zergling x6, Hydralisk  
  102  8:11  Lurker Den  
  88  8:35  Glial Reconstitution  
  88  8:41  Roach x13  
  100  8:54  Grooved Spines  
  95  9:03  Roach x3  
  85  9:18  Zergling x2, Roach x3  
  85  9:19  Zergling x2, Roach x2  
  81  9:28  Zergling x2, Roach x2  
  68  9:43  Hydralisk x3  
  65  9:51  Hydralisk  
  50  10:08  Lurker  
  50  10:09  Lurker x2  
  50  10:10  Hydralisk x2  
  52  10:19  Lurker  
  38  10:40  Hydralisk x2  
  35  11:08  Hatchery  
  35  11:09  Hydralisk x4  
  42  11:15  Queen  
  44  11:20  Hatchery  
  43  11:32  Lurker Den  
  42  11:46  Extractor x2  
  40  11:51  Queen  
Show
View Real Time Build Order
Export as new Build Order

pHARM Zerg - Winner!

Build Orders: Hatch First 

Get SALT Encoding   

  12  0:01  Drone  
  13  0:14  Drone  
  13  0:16  Overlord  
  14  0:31  Drone, Extractor  
  15  0:35  Drone  
  15  0:37  Drone  
  17  0:55  Drone, Hatchery  
  17  1:03  Drone  
  18  1:09  Drone  
  19  1:21  Spawning Pool  
  19  1:22  Drone  
  19  1:33  Drone  
  20  1:41  Extractor  
  20  1:42  Drone  
  20  2:08  Queen x2  
  22  2:11  Drone x3  
  27  2:18  Drone  
  28  2:26  Spine Crawler  
  27  2:44  Drone  
  27  2:46  Overlord x2  
  28  2:52  Metabolic Boost  
  28  3:04  Queen  
  30  3:06  Drone x5  
  35  3:18  Drone  
  35  3:19  Drone x4  
  40  3:32  Drone  
  40  3:33  Drone x2  
  43  3:34  Extractor  
  43  3:36  Extractor  
  43  3:37  Drone x2  
  45  3:44  Spine Crawler  
  45  3:47  Spine Crawler  
  43  3:49  Overlord x2  
  43  3:50  Zergling x2  
  44  4:01  Spine Crawler  
  44  4:02  Zergling x2  
  44  4:06  Queen x2  
  44  4:09  Zergling x2  
  49  4:10  Zergling x6  
  53  4:24  Drone  
  51  4:32  Drone  
  51  4:33  Drone x5  
  57  4:41  Extractor x2  
  55  4:51  Lair  
  55  5:05  Drone  
  55  5:06  Drone x2  
  56  5:31  Evolution Chamber  
  56  5:34  Roach Warren  
  54  5:37  Evolution Chamber  
  53  5:45  Drone  
  54  5:53  Hatchery  
  54  5:56  Overlord x2  
  54  5:57  Overlord x3  
  53  6:01  Zerg Missile Weapons Level 1  
  53  6:04  Zerg Ground Armor Level 1  
  53  6:12  Drone  
  53  6:13  Drone x6  
  53  6:15  Drone x8  
  68  6:22  Drone  
  68  6:23  Hydralisk Den  
  68  6:26  Glial Reconstitution  
  68  6:57  Grooved Spines  
  68  6:58  Roach x10  
  68  6:59  Roach  
  90  7:08  Extractor  
  89  7:14  Drone x6  
  95  7:18  Extractor  
  93  7:27  Extractor  
  92  7:38  Roach x6  
  92  7:40  Overlord x4  
  104  7:49  Overlord x4  
  104  8:01  Spine Crawler x2  
  104  8:02  Spine Crawler  
  101  8:08  Muscular Augments  
  101  8:10  Roach x8  
  115  8:35  Roach x11  
  137  8:42  Zerg Ground Armor Level 2  
  137  8:44  Infestation Pit  
  137  8:48  Zerg Missile Weapons Level 2  
  127  8:56  Roach  
  127  8:57  Roach x7  
  135  9:20  Drone x4  
  135  9:21  Drone  
  134  9:29  Hive  
  130  9:36  Roach x10  
  130  9:37  Overlord x2  
  142  9:58  Overlord x2  
  140  10:02  Hatchery  
  133  10:16  Spire  
  133  10:17  Hydralisk x11  
  152  10:37  Overseer x4  
  152  10:38  Overseer  
  152  10:40  Roach x7  
  152  10:41  Roach x5  
  152  10:51  Drone  
  152  10:52  Drone x4  
  153  11:02  Overseer x3  
  153  11:10  Hydralisk x9  
  171  11:13  Overlord  
  171  11:29  Greater Spire  
  171  11:40  Drone x4  
  171  11:41  Drone x3  
  171  11:43  Hydralisk x6  
  171  11:46  Extractor  
  189  11:47  Extractor  
  188  12:05  Hydralisk x2  
  188  12:07  Overlord x4  
  192  12:24  Overlord x2  
Tags
 
Composition
Lurkers
Matchup
ZvZ
Race
Zerg
Replay Pack
10.7.19
Spawn Locations
Cross Positions
Add a new tag
Caveats
  • Supply blocks, unpowered buildings, or Contaminate may cause inaccurate times.
  • Supply counts are checked every 10 seconds.